 Dungeon Crawl Stone Soup version 0.25-a0-164-gb55e97dba5 (webtiles) character file.

Game seed: 17320599539518259445, levelgen mode: deterministic

457 Leeroy the Conjurer (level 6, -7/45 HPs)
             Began as a Draconian Conjurer on Nov 22, 2019.
             Shot with an arrow by a centaur (8 damage)
             ... on level 5 of the Dungeon.
             The game lasted 00:11:53 (5759 turns).

Leeroy the Conjurer (Draconian Conjurer)            Turns: 5759, Time: 00:11:53

Health: -7/45      AC:  7    Str: 11    XL:     6   Next: 77%
Magic:  14/18      EV: 12    Int: 16    God:
Gold:   239        SH:  0    Dex: 12    Spells: 2/9 levels left

rFire    . . .     SeeInvis .   u - +0 long sword
rCold    . . .     Gourm    .   (no shield)
rNeg     . . .     Faith    .   (armour unavailable)
rPois    .         Spirit   .   (helmet restricted)
rElec    .         Reflect  .   (no cloak)
rCorr    .         Harm     .   w - +0 pair of gloves
MR       .....                  (no boots)
Stlth    ++........             (no amulet)
HPRegen  0.15/turn              s - ring of magical power
MPRegen  0.16/turn              (no ring)

@: no status effects
A: unfitting armour, cold-blooded, AC +6
a: no special abilities


You were on level 5 of the Dungeon.
You were not hungry.

You visited 2 branches of the dungeon, and saw 6 of its levels.
You also visited: Sewer.

You collected 239 gold pieces.

Inventory:

Hand Weapons
 c - a +0 dagger
 n - a +0 short sword
 u - a +0 long sword (weapon)
 A - a +0 rapier
Armour
 w - a +0 pair of gloves (worn)
Jewellery
 l - a cursed -5 ring of intelligence
 r - a cursed ring of attention {unknown}
 s - a ring of magical power (left hand)
 y - an uncursed ring of protection from fire {unknown}
Scrolls
 a - 3 scrolls of magic mapping
 e - a scroll of fog {unknown}
 g - 2 scrolls of blinking {unknown}
 j - 2 scrolls of amnesia {unknown}
 k - a scroll of fear {unknown}
 o - 2 scrolls of enchant weapon {unknown}
 q - 2 scrolls of identify
 t - a scroll of enchant armour {unknown}
 v - 3 scrolls of teleportation {unknown}
 z - a scroll of remove curse {unknown}
Potions
 d - a potion of cancellation {unknown}
 f - 4 potions of might
 h - a potion of curing
 i - 2 potions of agility {unknown}
 p - 2 potions of flight {unknown}
 x - a potion of degeneration {unknown}
Comestibles
 b - 14 rations


   Skills:
 + Level 5.2 Long Blades
 - Level 1.7 Dodging
 - Level 1.7 Stealth
 - Level 2.0 Spellcasting
 - Level 6.1 Conjurations


You had 2 spell levels left.
You knew the following spells:

 Your Spells              Type           Power        Failure   Level  Hunger
a - Magic Dart            Conj           ###.         1%          1    #......
b - Searing Ray           Conj           ###...       2%          2    ###....
c - Iskenderun's Mystic   Conj           ###.....     17%         4    #####..

Your spell library contained the following spells:

 Spells                   Type           Power        Failure   Level  Hunger
 Dazzling Spray           Conj/Hex       ##....       19%         3    ###....
 Force Lance              Conj/Tloc      ##......     52%         4    #####..
 Fulminant Prism          Conj/Hex       ##........   52%         4    #####..


Dungeon Overview and Level Annotations

Branches:
Dungeon (5/15)             Temple (1/1) D:4           Sewer (visited)

Altars:
Fedhas
Gozag
Hepliaklqana
Kikubaaqudgha
Makhleb
Nemelex Xobeh
Qazlal
Ru
Sif Muna
Trog
Uskayaw
Vehumet
Wu Jian
Xom
Yredelemnul
Zin

Shops:
D:4 %

Annotations:
D:4 1 runed translucent door, Crazy Yiuf, Duvessa


Innate Abilities, Weirdness & Mutations

Your plain brown scales are hard. (AC +6)
You cannot fit into any form of body armour.
You are cold-blooded and may be slowed by cold attacks.


Message History

The magic dart hits the centaur but does no damage.
The centaur is almost dead.
The centaur completely misses you.
You riposte.
You barely miss the centaur.
The centaur is almost dead.
The ogre hits you with a +0 giant club! The centaur barely misses you.
You barely miss the centaur.
The centaur is almost dead.
The centaur hits you.
* * * LOW HITPOINT WARNING * * *
The ogre hits you with a +0 giant club!
* * * LOW HITPOINT WARNING * * *
The centaur barely misses you.
You riposte.
You hit the centaur.
The centaur is almost dead.
The worker ant zombie closely misses you.
The centaur wields a +0 shortbow.
The centaur shoots an arrow.
The arrow hits you.
* * * LOW HITPOINT WARNING * * *
You see here an arrow.
The centaur shoots an arrow.
The arrow hits you!
You die...

#.#######.## #.#
#..........# #?#
#########..# #.# #..# #.#
# #..# #.. . #..## #(# .#
######...### #.####.####
............###.OZ......)
#######.......@.c......#
.........#####.####.#
##.......# #.# #..###..#
#.# #.. #... ... ....
#..## #.# ###. ..## #.#
## #.# #..


You could see an ogre, a centaur and a worker ant zombie.

Vanquished Creatures
  A bullfrog (D:4)
  A scorpion (D:5)
  A crimson imp (D:5)
  A bullfrog zombie (D:5)
  A hound (D:5)
  Robin (D:4)
  7 adders
  4 river rats (Sewer)
  A shadow imp (D:5)
  4 worms
  2 dart slugs
  4 leopard geckos
  3 orcs
  4 ball pythons (Sewer)
  A giant cockroach (D:1)
  21 goblins
  10 hobgoblins
  4 jackals (D:3)
  3 quokkas
  13 bats
  7 frilled lizards
  10 kobolds
  A leopard gecko skeleton (D:4)
  12 rats
117 creatures vanquished.

Notes
Turn   | Place    | Note
-------+----------+-------------------------------------------
     0 | D:1      | Leeroy the Draconian Conjurer began the quest for the Orb.
     0 | D:1      | Reached XP level 1. HP: 14/14 MP: 3/3
   203 | D:1      | Reached XP level 2. HP: 13/20 MP: 1/5
   320 | D:1      | Learned a level 2 spell: Searing Ray
   862 | D:1      | Reached skill level 5 in Conjurations
   913 | D:1      | Reached XP level 3. HP: 21/26 MP: 2/6
  1315 | D:2      | Reached XP level 4. HP: 31/33 MP: 7/7
  1723 | D:2      | Learned a level 4 spell: Iskenderun's Mystic Blast
  1906 | D:3      | Found a stormy altar of Qazlal.
  1906 | D:3      | Noticed an air elemental
  1910 | D:3      | Noticed a fire elemental
  1910 | D:3      | Noticed an earth elemental
  1910 | D:3      | Noticed a water elemental
  2044 | D:3      | Found a shimmering altar of Xom.
  2055 | D:3      | Reached skill level 6 in Conjurations
  2175 | D:3      | Found a glowing drain.
  2187 | Sewer    | Entered a sewer
  2669 | Sewer    | Reached skill level 1 in Long Blades
  2767 | Sewer    | Reached XP level 5. HP: 18/38 MP: 8/8
  3682 | D:3      | Found a faded altar of an unknown god.
  4645 | D:4      | Found Soqu Sak's Food Boutique.
  4653 | D:4      | Noticed Duvessa
  4689 | D:4      | Noticed Robin
  4695 | D:4      | Reached XP level 6. HP: 45/45 MP: 9/9
  4710 | D:4      | Killed Robin
  4786 | D:4      | Found a staircase to the Ecumenical Temple.
  4797 | Temple   | Entered the Ecumenical Temple
  5146 | D:4      | Found a runed translucent door.
  5147 | D:4      | Noticed Crazy Yiuf
  5360 | D:5      | Entered Level 5 of the Dungeon
  5719 | D:5      | Reached skill level 5 in Long Blades
  5757 | D:5      | HP: 1/45 [centaur/arrow (3)]
  5759 | D:5      | Shot with an arrow by a centaur

Levels and vault maps discovered:
D:1:      dpeg_arrival_signposts, layout_loops_ring
D:2:      layout_loops_ring
D:3:      minmay_razor_zed, layout_basic, nicolae_qazlal_style_of_elements,
          chequers_ecumenical_altar_simple, portal_sewer_entry_d, first_ration,
          xom_teletrap_fun
D:4:      layout_loops_ring, minmay_temple_entry_slanted, serial_shops, shop,
          uniq_crazy_yiuf_cottage, uniq_duvessa, uniq_robin
D:5:      layout_loops_ring, kennysheep_generic_room_11
Temple:   regret_index_temple_generic_petals

Skill      XL: |  1  2  3  4  5  6 |
---------------+-------------------+-----
Conjurations   | 5 6 |  6.1
Long Blades    | 1 3 5 |  5.2
Dodging        | |  1.7
Stealth        | |  1.7
Spellcasting   | |  2.0

Action                   |  1- 3 |  4- 6 || total
-------------------------+-------+-------++-------
Melee: Unarmed           |    22 |       ||    22
       Dagger            |   144 |       ||   144
       Tailslap          |    13 |    24 ||    37
       Short sword       |       |    38 ||    38
       Long sword        |       |   175 ||   175
 Cast: Magic Dart        |     6 |     6 ||    12
       Searing Ray       |     4 |    11 ||    15
       Iskenderun's Myst |       |     7 ||     7
  Use: Scroll            |       |     5 ||     5
       Potion            |       |     4 ||     4
 Stab: Sleeping          |     6 |     8 ||    14
  Eat: Chunk             |     1 |    12 ||    13
       Ration            |       |     2 ||     2
Armor: Skin              |    63 |    79 ||   142
Dodge: Dodged            |   118 |   176 ||   294
       Rpst.: Long sword |       |    44 ||    44

Table legend:
 A = Non-vault XP
 B = Vault XP
 C = Vault XP percentage of total XP
 D = Non-vault monster count
 E = Vault monster count
 F = Vault count percentage of total count
                 A         B        C        D         E       F
            +---------+---------+-------+---------+---------+-------
      Total |     489 |     164 |  25.1 |      76 |      41 |  35.0
            +---------+---------+-------+---------+---------+-------
        D:1 |      53 |       0 |   0.0 |      24 |       0 |   0.0
        D:2 |      60 |       0 |   0.0 |      21 |       0 |   0.0
        D:3 |      41 |      45 |  52.3 |      17 |      11 |  39.3
        D:4 |     117 |      39 |  25.0 |       9 |      13 |  59.1
        D:5 |     218 |       0 |   0.0 |       5 |       0 |   0.0
      Sewer |       0 |      80 | 100.0 |       0 |      17 | 100.0
            +---------+---------+-------+---------+---------+-------
